 Dungeon Crawl Stone Soup version 0.31-a0-361-g0f8bd3a31e (webtiles) character file.

Game seed: 2684581607262516771

140312 Conn the Scorcher (level 17, -4/94 (98) HPs)
             Began as an Octopode Fire Elementalist on July 27, 2023.
             Was a High Priest of Sif Muna.
             Slain by a pharaoh ant (12 damage)
             ... on level 4 of the Spider Nest.
             The game lasted 01:49:50 (30091 turns).

Conn the Scorcher (Octopode Fire Elementalist)     Turns: 30091, Time: 01:49:50

HP:   -4/94 (98)    AC: 14    Str:  8 (10) XL:     17   Next: 30%
MP:   31/35         EV: 20    Int: 29      God:    Sif Muna [*****.]
Gold: 1935          SH:  0    Dex: 16      Spells: 1/45 levels left

rFire   . . .        (no weapon)
rCold   + . .        Y - +3 buckler {AC+3}
rNeg    . . .        r - +0 hat of an ice cave {rPois rF- rCorr Str+2}
rPois   +            f - amulet of magic regeneration
rElec   .            e - +5 ring of evasion
rCorr   +            T - ring of protection from cold
SInv    .            R - +4 ring of protection
Will    ++...        A - ring of willpower
Stlth   +++          l - +4 ring of protection
HPRegen 0.35/turn    L - ring of protection from cold
MPRegen 0.64/turn    c - +6 ring of intelligence
                     M - ring of fire

%: no passive effects
@: confused, lightly drained
A: almost no armour, amphibious, 8 rings, camouflage 1, gelatinous body 1,
(nimble swimmer 1), tentacles, iridescent scales 1, agile 1, deterioration 1
a: Renounce Religion, Channel Magic, Forget Spell, Divine Exegesis


You were on level 4 of the Spider Nest.
You worshipped Sif Muna.
Sif Muna was extremely pleased with you.
You visited 4 branches of the dungeon, and saw 26 of its levels.
You visited the Abyss 1 time.

You collected 2945 gold pieces.
You spent 1010 gold pieces at shops.

Inventory:

Hand Weapons
 a - a +4 dagger of protection
 u - the +4 mace of Purpose {antimagic, rPois rC++}
   (You found it on level 4 of the Dungeon)

   rC:        It greatly protects you from cold.
   rPois:     It protects you from poison.
Missiles
 D - 15 poisoned darts
 H - a throwing net
Armour
 r - the +0 hat of an ice cave (worn) {rPois rF- rCorr Str+2}
   (You acquired it on level 7 of the Dungeon)

   Str:       It affects your strength (+2).
   rF:        It makes you vulnerable to fire.
   rPois:     It protects you from poison.
   rCorr:     It protects you from acid and corrosion.
 Y - a +3 buckler of protection (worn)
Magical Staves
 b - a staff of conjuration
Jewellery
 c - a +6 ring of intelligence (on tentacle)
 e - a +5 ring of evasion (left tentacle)
 f - an amulet of magic regeneration (around mantle)
 i - a ring of ice
 l - a +4 ring of protection (on tentacle)
 m - a ring of magical power
 o - a ring of wizardry
 s - a ring of positive energy
 w - an amulet of faith
 A - a ring of willpower (on tentacle)
 L - a ring of protection from cold (on tentacle)
 M - a ring of fire (on tentacle)
 O - a ring of poison resistance
 R - a +4 ring of protection (on tentacle)
 T - a ring of protection from cold (right tentacle)
Wands
 q - a wand of charming (12)
 v - a wand of iceblast (29)
 P - a wand of polymorph (3)
 V - a wand of flame (45)
 X - a wand of light (4)
Scrolls
 d - 9 scrolls of teleportation
 g - 4 scrolls of fog
 h - 3 scrolls of enchant armour
 k - 6 scrolls of revelation
 p - 3 scrolls of poison
 y - 2 scrolls of vulnerability
 z - 6 scrolls of amnesia
 B - 4 scrolls of identify
 F - 2 scrolls of torment
 G - 4 scrolls of brand weapon
 J - 3 scrolls of summoning
 K - 4 scrolls of blinking
 N - 2 scrolls of fear
 Q - a scroll of immolation
Potions
 j - 4 potions of lignification
 n - 4 potions of brilliance
 t - 8 potions of ambrosia
 x - a potion of resistance
 C - 5 potions of curing
 E - 5 potions of heal wounds
 I - 4 potions of mutation
 S - a potion of berserk rage {unknown}
 U - a potion of enlightenment
 W - a potion of cancellation
 Z - 2 potions of magic


   Skills:
 + Level 3.1 Fighting
 + Level 3.0 Short Blades
 + Level 1.5 Staves
 + Level 5.7 Dodging
 - Level 8.3 Stealth
 + Level 7.0 Shields
 + Level 14.7 Spellcasting
 + Level 12.4 Conjurations
 + Level 3.5 Hexes
 + Level 6.0 Summonings
 + Level 0.3 Translocations
 + Level 17.2 Fire Magic
 + Level 1.6 Ice Magic
 + Level 4.1 Air Magic
 + Level 3.1 Poison Magic
 + Level 9.2 Invocations


You had one spell level left.
You knew the following spells:

 Your Spells              Type           Power      Damage    Failure   Level
a - Foxfire               Conj/Fire      100%       2x1d9     0%          1
b - Scorch                Fire           100%       2d9       0%          2
c - Inner Flame           Hex/Fire       89%        N/A       1%          3
d - Flame Wave            Conj/Fire      100%       2d21      1%          4
e - Starburst             Conj/Fire      51%        6d14      1%          6
f - Summon Small Mammal   Summ           100%       N/A       1%          1
g - Mephitic Cloud        Conj/Pois/Air  56%        N/A       1%          3
h - Summon Guardian Gole  Hex/Summ       49%        N/A       1%          3
i - Call Canine Familiar  Summ           54%        N/A       1%          3
j - Fireball              Conj/Fire      51%        3d20      1%          5
k - Hailstorm             Conj/Ice       58%        3d13      1%          3
l - Ozocubu's Armour      Ice            30%        N/A       4%          3
m - Iskenderun's Mystic   Conj/Tloc      55%        2d12      2%          4
n - Stone Arrow           Conj/Erth      100%       3d13      1%          3

Your spell library contained the following spells:

 Spells                   Type           Power      Damage    Failure   Level
 Shock                    Conj/Air       100%       1d9       1%          1
 Sting                    Tmut/Pois      100%       1d8       1%          1
 Apportation              Tloc           46%        N/A       2%          1
 Necrotise                Necr           84%        1d8       3%          1
 Poisonous Vapours        Pois/Air       84%        N/A       1%          2
 Static Discharge         Conj/Air       100%       2-7/arc   1%          2
 Dazzling Flash           Conj/Hex       100%       N/A       1%          3
 Ignite Poison            Fire/Tmut/Pois 74%        N/A       1%          3
 Swiftness                Air            45%        N/A       1%          3
 Volatile Blastmotes      Fire/Tloc      100%       2d18      1%          3
 Iskenderun's Battlesphe  Conj           76%        2d12      1%          5
 Tukima's Dance           Hex            41%        N/A       2%          3
 Sublimation of Blood     Necr           21%        N/A       4%          2
 Wereblood                Tmut           21%        N/A       4%          2
 Portal Projectile        Hex/Tloc       64%        N/A       4%          3
 Airstrike                Air            22%        2d(4-20)  6%          4
 Plasma Beam              Fire/Air       45%        2x1d59    6%          6
 Freezing Cloud           Conj/Ice/Air   27%        6-21      8%          5
 Anguish                  Hex/Necr       15%        N/A       16%         4
 Conjure Ball Lightning   Conj/Air       31%        3x3d10    17%         6
 Orb of Destruction       Conj           38%        9d11      17%         7
 Ignition                 Fire           55%        3d15      19%         8
 Animate Dead             Necr           21%        N/A       32%         4
 Petrify                  Tmut/Erth      21%        N/A       32%         4
 Metabolic Englaciation   Hex/Ice        18%        N/A       32%         5
 Yara's Violent Unravell  Hex/Tmut       15%        3d8       41%         5
 Alistair's Intoxication  Tmut/Pois      20%        N/A       43%         5
 Spellforged Servitor     Conj/Summ      33%        N/A       52%         7
 Agony                    Necr           21%        N/A       65%         5
 Summon Hydra             Summ           27%        N/A       93%         7
 Simulacrum               Ice/Necr       13%        N/A       98%         6
 Enfeeble                 Hex            20%        N/A       100%        7
 Haunt                    Necr/Summ      19%        N/A       100%        7
 Ozocubu's Refrigeration  Ice            15%        4d10      100%        7
 Lehudib's Crystal Spear  Conj/Erth      27%        10d7      100%        8
 Maxwell's Capacitive Co  Air            22%        ∞         100%        8
 Fire Storm               Conj/Fire      51%        8d13      100%        9
 Animate Armour           Summ/Erth      Unusable   N/A       N/A         4

Dungeon Overview and Level Annotations

Branches:
Dungeon (15/15)            Temple (0/1) D:5            Lair (5/5) D:11
 Shoals (0/4) Lair:3       Spider (4/4) Lair:3        Slime (0/5) Lair:5
    Orc (2/2) D:10            Elf (0/3) Orc:2        Vaults (0/5) D:14
 Depths (0/4) D:15

Altars:
Ashenzari
Dithmenos
Fedhas
Kikubaaqudgha
Makhleb
Ru
Sif Muna
Wu Jian
Zin
Jiyva

Shops:
D:13 *   D:15 ?   Orc:2 *=[*


Innate Abilities, Weirdness & Mutations

You cannot wear most types of armour.
You are amphibious.
You can wear up to eight rings at the same time.
Your skin changes colour to match your surroundings (Stealth+).
Your rubbery body absorbs attacks. (AC +1, EV +1)
((You are camouflaged when in or above water. (Stealth+)))
You have tentacles for arms and can constrict up to eight enemies at once.
You are partially covered in iridescent scales. (AC +2)
You are agile. (Dex +4, Str/Int -1)
Your body sometimes deteriorates upon taking damage.


Message History

The tarantella attacks as you move away!
The tarantella barely misses you.
You feel less confused.
The jumping spider leaps!
The tarantella closely misses you. The tarantella touches you!
The tarantella attacks as you move away!
The tarantella touches you.
You are confused.
The tarantella attacks as you move away!
The tarantella touches you but does no damage.
A pharaoh ant comes into view.
The pharaoh ant gives a chilling moan.
There is a stone staircase leading up here.
Unknown command.
The culicivora's many legs skitter faintly.
The tarantella touches you.
The jumping spider leaps!
The tarantella barely misses you.
The tarantella touches you but does no damage.
The tarantella misses you. The tarantella touches you.
The tarantella touches you but does no damage.
In your confused state, you trip and fall back down the stairs.
The tarantella closely misses you. The tarantella misses you.
The tarantella completely misses you.
A demonic crawler comes into view.
Unknown command.
The tarantella touches you. The redback completely misses you.
The tarantella barely misses you.
The tarantella touches you but does no damage. x2
The redback bites you! The tarantella touches you.
The tarantella touches you but does no damage.
In your confused state, you trip and fall back down the stairs.
The demonic crawler gives a hideous shriek!
The tarantella touches you!
Your body deteriorates!
You feel weakened. The redback completely misses you.
A redback comes into view.
The pharaoh ant bites you!!
* * * LOW HITPOINT WARNING * * *
You feel drained.
You die...

...........^....
.....?.^.........
...s.)..........^
.................
.....^...†.......
.................
s....s....†......
.......ss.$......
......s@s.s......
......B†^........
.................
.................
.................
.?..^..........#.
...............#
..............#


You could see a demonic crawler, a culicivora, a pharaoh ant, a jumping spider,
3 tarantellas and 2 redbacks.

Vanquished Creatures
  Arachne (Spider:2)
  Asterion (Spider:3)
  An emperor scorpion (Spider:2)
  An ironbound preserver (D:14)
  Nessos (D:14)
  A dire elephant (Lair:2)
  The ghost of Qoatoaf the Severer, a journeyman MiFi of the Shining One (Lair:3)
  A spark wasp (Spider:3)
  A fire dragon (D:15)
  4 hydras
  4 entropy weavers
  2 ice dragons (D:15)
  6 catoblepae
  A radroach (Spider:3)
  3 boulder beetles
  A two-headed ogre (D:11)
  8 centaur warriors
  Erica (Orc:1)
  6 death yaks (Lair:5)
  2 merfolk aquamancers (D:12)
  A tengu warrior (D:14)
  2 demonic crawlers
  8 orc high priests
  2 skysharks
  3 pharaoh ants
  4 skeletal warriors (D:14)
  5 orb spiders
  A wizard (D:14)
  A steelbarb worm (Spider:4)
  A harpy (shapeshifter) (D:13)
  Pikel (D:8)
  7 orc knights
  5 wolf spiders
  3 deep elf pyromancers
  4 orc sorcerers
  2 moths of wrath
  9 ugly things
  8 manticores
  25 elephants
  6 oklob plants
  6 cyclopes
  4 black mambas
  Maurice (Orc:1)
  2 water nymphs (D:12)
  2 merfolk sirens (Lair:3)
  3 unseen horrors (D:10)
  2 torpor snails
  15 cane toads
  6 yaktaurs (D:15)
  2 efreet (D:15)
  3 rime drakes
  11 komodo dragons
  2 hornets
  2 merfolk (Lair:3)
  2 polar bears (D:14)
  A queen bee (Orc:1)
  4 trolls
  19 tarantellas
  Prince Ribbit (D:5)
  6 dream sheep (Lair:5)
  7 blink frogs (Lair:2)
  5 slime creatures
  26 jumping spiders
  4 centaur simulacra (D:14)
  A culicivora (shapeshifter) (D:14)
  A spriggan (Lair:2)
  12 culicivoras
  A shadow (D:12)
  2 vampires
  59 yaks
  7 basilisks
  A water elemental (D:14)
  A wraith (D:9)
  5 wyverns
  Eustachio (D:5)
  3 steam dragons
  A redback simulacrum (D:14)
  23 redbacks
  A warg (Orc:1)
  19 vampire mosquitoes
  15 water moccasins
  36 orc warriors
  A sky beast (D:6)
  5 black bears
  A meliai simulacrum (D:14)
  3 ice beasts
  A black bear (shapeshifter) (D:13)
  4 ogres
  10 wolves
  17 centaurs
  2 phantoms
  2 kobold brigands
  15 bullfrogs
  2 scorpions
  2 gnoll sergeants
  10 wights
  38 killer bees
  7 electric eels
  4 howler monkeys
  2 jellies
  2 gnoll boudas
  43 orc priests
  A hound (D:7)
  A sleepcap (D:6)
  2 iguanas (D:4)
  23 orc wizards
  8 hell rats
  A boggart simulacrum (D:15)
  A mummy (D:6)
  22 gnolls
  7 adders
  A shadow imp (D:6)
  8 white imps
  7 ufetubi
  5 worms (D:2)
  3 dart slugs
  106 orcs
  11 endoplasms
  5 giant cockroaches
  15 hobgoblins
  3 jackals (D:2)
  8 quokkas
  10 ball pythons
  2 bats
  4 frilled lizards
  21 goblins
  A hobgoblin zombie (D:6)
  25 kobolds
  2 kobold zombies (D:6)
  An orc zombie (D:6)
  6 rats
  A foxfire (Orc:2)
952 creatures vanquished.

Vanquished Creatures (collateral kills)
  8 foxfires
8 creatures vanquished.

Vanquished Creatures (others)
  A rakshasa (D:13)
  A skyshark (Lair:3)
  3 orc knights (Orc:2)
  A cane toad (Lair:3)
  A black mamba (Lair:3)
  A troll (Orc:2)
  3 yaks
  An orc warrior (Orc:2)
  1387 foxfires
1399 creatures vanquished.

Grand Total: 2359 creatures vanquished

Notes
Turn   | Place    | Note
-------+----------+-------------------------------------------
     0 | D:1      | Conn the Octopode Fire Elementalist began the quest for the
                  | Orb.
     0 | D:1      | Reached XP level 1. HP: 11/11 MP: 3/3
    73 | D:1      | Reached XP level 2. HP: 17/17 MP: 0/5
   792 | D:1      | Reached XP level 3. HP: 21/21 MP: 6/6
  1626 | D:2      | Reached XP level 4. HP: 27/27 MP: 5/8
  2086 | D:3      | Learned a level 2 spell: Scorch
  2090 | D:3      | Learned a level 3 spell: Inner Flame
  2143 | D:3      | Reached XP level 5. HP: 15/32 MP: 4/9
  2147 | D:3      | Gained mutation: Your body sometimes deteriorates upon
                  | taking damage. [potion of mutation]
  2147 | D:3      | Gained mutation: You are agile. (Dex +4, Str/Int -1)
                  | [potion of mutation]
  2147 | D:3      | Gained mutation: You are partially covered in iridescent
                  | scales. (AC +2) [potion of mutation]
  2394 | D:3      | Reached skill level 1 in Short Blades
  2758 | D:3      | Found a shimmering blue altar of Sif Muna.
  2765 | D:3      | Became a worshipper of Sif Muna the Loreminder
  3065 | D:3      | Identified the +1 ring mail of Xyrasid {rPois rN+++ Int-5
                  | Dex-3}
  3076 | D:4      | Noticed a black bear
  3187 | D:4      | Noticed a phantom
  3194 | D:4      | Killed a phantom
  3195 | D:4      | Reached skill level 5 in Stealth
  3195 | D:4      | Reached skill level 4 in Fire Magic
  3195 | D:4      | Reached XP level 6. HP: 37/37 MP: 5/11
  3258 | D:4      | Noticed a black bear
  3262 | D:4      | Identified the +4 mace of Purpose {antimagic, rPois rC++}
  3276 | D:4      | Killed a black bear
  3331 | D:4      | Reached XP level 7. HP: 42/42 MP: 7/12
  3451 | D:4      | Reached * piety under Sif Muna
  3520 | D:4      | Found an ancient bone altar of Kikubaaqudgha.
  3774 | D:5      | Entered Level 5 of the Dungeon
  3800 | D:5      | Reached skill level 5 in Fire Magic
  3833 | D:5      | Reached skill level 1 in Hexes
  3833 | D:5      | Reached XP level 8. HP: 47/47 MP: 12/14
  3952 | D:5      | Learned a level 4 spell: Flame Wave
  3959 | D:5      | Learned a level 6 spell: Starburst
  3994 | D:5      | Found a glowing silver altar of Zin.
  4068 | D:5      | Noticed Prince Ribbit
  4074 | D:5      | Killed Prince Ribbit
  4091 | D:5      | Reached skill level 5 in Spellcasting
  4200 | D:5      | Found a blossoming altar of Fedhas.
  4202 | D:5      | Found a sacrificial altar of Ru.
  4275 | D:5      | Noticed Eustachio
  4276 | D:5      | Reached skill level 6 in Fire Magic
  4280 | D:5      | Killed Eustachio
  4281 | D:5      | Reached skill level 1 in Fighting
  4468 | D:5      | Found a staircase to the Ecumenical Temple.
  4711 | D:6      | Reached XP level 9. HP: 53/53 MP: 13/17
  4804 | D:6      | Reached skill level 7 in Fire Magic
  4909 | D:6      | Learned a level 1 spell: Summon Small Mammal
  5037 | D:6      | Reached ** piety under Sif Muna
  5749 | D:6      | Found a shadowy altar of Dithmenos.
  5951 | D:6      | Learned a level 3 spell: Mephitic Cloud
  6087 | D:7      | Reached skill level 8 in Fire Magic
  6231 | D:7      | Found a broken altar of Ashenzari.
  6694 | D:7      | Reached *** piety under Sif Muna
  6713 | D:7      | Reached skill level 5 in Conjurations
  6717 | D:7      | Reached XP level 10. HP: 38/58 MP: 5/20
  6867 | D:7      | Reached skill level 1 in Invocations
  7255 | D:7      | Identified a scroll of acquirement
  7256 | D:7      | Acquired the +0 hat of an ice cave {rPois rF- rCorr Str+2}
  7332 | D:8      | Noticed a centaur warrior
  7382 | D:8      | Found a burning altar of Makhleb.
  7383 | D:8      | Found an ornate altar of the Wu Jian Council.
  7412 | D:8      | Reached skill level 1 in Poison Magic
  7415 | D:8      | Reached skill level 9 in Fire Magic
  7417 | D:8      | Noticed Pikel
  7424 | D:8      | Killed Pikel
  7910 | D:8      | Reached **** piety under Sif Muna
  8059 | D:8      | Killed a centaur warrior
  8240 | D:9      | Reached skill level 10 in Fire Magic
  8366 | D:9      | Reached XP level 11. HP: 64/64 MP: 22/22
  8449 | D:9      | Noticed a boulder beetle
  8572 | D:9      | Noticed a cyclops
  8977 | D:9      | Reached skill level 1 in Air Magic
  9268 | D:9      | Killed a cyclops
  9531 | D:9      | Identified the +0 robe of Taruz {Regen+ Int-3 Archmagi}
  9578 | D:10     | Entered Level 10 of the Dungeon
  9604 | D:10     | Reached ***** piety under Sif Muna
  9949 | D:10     | Reached skill level 11 in Fire Magic
  9974 | D:10     | Found a staircase to the Orcish Mines.
 10894 | Orc:1    | Entered Level 1 of the Orcish Mines
 10900 | Orc:1    | Noticed an orc knight
 10906 | Orc:1    | Received a gift from Sif Muna
 10917 | Orc:1    | Killed an orc knight
 10935 | Orc:1    | Noticed an orc high priest
 10938 | Orc:1    | Noticed a sun demon
 10940 | Orc:1    | Killed an orc high priest
 10941 | Orc:1    | Reached skill level 5 in Invocations
 10945 | Orc:1    | Noticed an orc sorcerer
 10981 | D:10     | Learned a level 3 spell: Summon Guardian Golem
 10985 | D:10     | Learned a level 3 spell: Call Canine Familiar
 10990 | Orc:1    | Killed an orc sorcerer
 10991 | Orc:1    | Reached XP level 12. HP: 70/70 MP: 15/24
 11032 | Orc:1    | Got Sif Muna's Volume of Wicked Rituals and Sculpting {god
                  | gift}
 11277 | Orc:2    | Entered Level 2 of the Orcish Mines
 11292 | Orc:2    | Reached skill level 1 in Summonings
 11503 | Orc:2    | Reached skill level 12 in Fire Magic
 11700 | Orc:2    | Found a staircase to the Elven Halls.
 11765 | Orc:2    | Noticed an orc high priest
 11775 | Orc:2    | Killed an orc high priest
 12939 | Orc:2    | Noticed an orc high priest
 12945 | Orc:2    | Killed an orc high priest
 12974 | Orc:2    | Noticed an orc high priest
 12981 | Orc:2    | Killed an orc high priest
 13303 | Orc:2    | Reached skill level 13 in Fire Magic
 13345 | Orc:2    | Reached XP level 13. HP: 76/76 MP: 7/26
 13508 | Orc:2    | Received a gift from Sif Muna
 13853 | Orc:2    | Got Sif Muna's Almanac of the Missiles {god gift}
 13860 | Orc:2    | Learned a level 5 spell: Fireball
 13868 | Orc:2    | Found Neigrya's General Store.
 13868 | Orc:2    | Found Biw Dukk's Antique Armour Boutique.
 13869 | Orc:2    | Found Faumenka's Jewellery Shop.
 13869 | Orc:2    | Found Pobban's Assorted Antiques.
 13881 | Orc:2    | Bought a scroll labelled RONTIE APTYRCHEXOR for 21 gold
                  | pieces
 13884 | Orc:2    | Bought a scroll of identify for 24 gold pieces
 13884 | Orc:2    | Bought a scroll of identify for 24 gold pieces
 13884 | Orc:2    | Bought a scroll of identify for 24 gold pieces
 13995 | Orc:2    | Bought a scroll of teleportation for 63 gold pieces
 13997 | Orc:2    | Bought a +6 ring of intelligence for 504 gold pieces
 14030 | Orc:2    | Bought a ring of fire for 350 gold pieces
 14099 | Orc:1    | Noticed Maurice
 14640 | D:11     | Found a staircase to the Lair.
 14664 | D:11     | Reached skill level 10 in Spellcasting
 15106 | Lair:1   | Entered Level 1 of the Lair of Beasts
 16292 | Lair:2   | Reached skill level 14 in Fire Magic
 16294 | Lair:2   | Noticed a dire elephant
 16319 | Lair:2   | Killed a dire elephant
 16672 | Lair:2   | Reached XP level 14. HP: 71/81 MP: 21/28
 16717 | Lair:2   | Reached skill level 5 in Summonings
 17590 | Lair:3   | Found a staircase to the Shoals.
 17872 | Lair:3   | Found a hole to the Spider Nest.
 18023 | Lair:3   | Received a gift from Sif Muna
 18027 | Lair:3   | Got Sif Muna's Incunable of Conjury {god gift}
 18033 | Lair:3   | Learned a level 3 spell: Hailstorm
 18291 | Lair:3   | Found a runed translucent gate.
 18456 | Lair:3   | Noticed Qoatoaf's ghost (journeyman MiFi)
 18535 | Lair:3   | Found a runed translucent gate.
 18536 | Lair:3   | Found a runed translucent gate.
 18678 | Lair:3   | Killed Qoatoaf's ghost
 18685 | Lair:3   | Reached skill level 15 in Fire Magic
 19153 | Lair:4   | Reached skill level 10 in Conjurations
 19410 | Lair:4   | Reached skill level 5 in Dodging
 19714 | Lair:5   | Entered Level 5 of the Lair of Beasts
 19875 | Lair:5   | Received a gift from Sif Muna
 19941 | Lair:5   | Reached skill level 1 in Staves
 19984 | Lair:5   | Reached XP level 15. HP: 49/86 MP: 19/31
 20320 | Lair:5   | Found a viscous altar of Jiyva.
 20320 | Lair:5   | Found a staircase to the Slime Pits.
 20903 | Lair:5   | Acquired a +2 buckler of protection
 21029 | Lair:5   | Reached skill level 1 in Shields
 21726 | Orc:1    | Noticed Erica
 21727 | Orc:1    | Received a gift from Sif Muna
 21729 | Orc:1    | Killed Maurice
 21729 | Orc:1    | Killed Erica
 21955 | Orc:1    | Learned a level 3 spell: Ozocubu's Armour
 22443 | D:12     | Received a gift from Sif Muna
 22454 | D:12     | Got Sif Muna's Tractate on Misfortune {god gift}
 23103 | D:13     | Found Ximabb's Demolitions Depot.
 23662 | D:13     | Found a blossoming altar of Fedhas.
 23908 | D:14     | Reached skill level 16 in Fire Magic
 23944 | D:14     | Reached XP level 16. HP: 50/93 MP: 1/33
 24170 | Abyss:2  | Found a corrupted altar of Lugonu.
 24170 | Abyss:2  | Cast into level 2 of the Abyss (a wizard)
 24192 | D:14     | Escaped the Abyss
 24198 | D:14     | Received a gift from Sif Muna
 24210 | D:14     | Learned a level 4 spell: Iskenderun's Mystic Blast
 24400 | D:14     | Noticed Nessos
 24408 | D:15     | Entered Level 15 of the Dungeon
 24655 | D:14     | Reached skill level 5 in Shields
 25034 | D:14     | Found a gate to the Vaults.
 25094 | D:14     | Killed Nessos
 25611 | D:15     | Found The Oracle's Delphic Readings.
 25737 | D:15     | Reached skill level 1 in Ice Magic
 26061 | D:15     | Received a gift from Sif Muna
 26065 | D:15     | Got Sif Muna's Discourse on the Flammable Barrage {god
                  | gift}
 26183 | D:15     | Found a staircase to the Depths.
 26789 | Spider:1 | Entered Level 1 of the Spider Nest
 28647 | Spider:2 | Noticed Arachne
 28658 | Spider:2 | Killed Arachne
 29045 | Spider:3 | Reached XP level 17. HP: 98/98 MP: 23/35
 29160 | Spider:3 | Identified the +0 kite shield of Honour {Regen+}
 29160 | Spider:3 | Noticed Asterion
 29174 | Spider:3 | Killed Asterion
 29174 | Spider:3 | Received a gift from Sif Muna
 29181 | Spider:3 | Got Soeferyoc's Tome of Reconstruction and the Pyromaniac
                  | {god gift}
 29250 | Spider:3 | Learned a level 3 spell: Stone Arrow
 29309 | Spider:3 | Reached skill level 17 in Fire Magic
 29871 | Spider:4 | Entered Level 4 of the Spider Nest
 30091 | Spider:4 | Slain by a pharaoh ant

Illustrated notes

Levels and vault maps discovered:
D:1:      roderic_crop_circles_arrival_small, layout_basic
D:2:      layout_rooms, minmay_misc_feat_tiny
D:3:      layout_loops_corners, mainiacjoe_overflow_alcove_4, st_stairs_12,
          chequers_garden
D:4:      layout_rooms, kiku_gazebo_pond_becter
D:5:      layout_loops_cross, mainiacjoe_overflow_alcove_2,
          grunt_temple_overflow_open, temple_hall, minmay_misc_feat_hallway,
          kennysheep_cross_room, uniq_eustachio, uniq_prince_ribbit1
D:6:      cheibrodos_two_vegetables, layout_cave_pods, kennysheep_mini_moat,
          minmay_mini_ossuary
D:7:      corexii_shantytown, layout_basic, nicolae_ashenzari_skybound
D:8:      minmay_clustersquares, layout_basic, gammafunk_temple_overflow_pools,
          nicolae_eternal_life, chequers_decorated_corner, uniq_pikel
D:9:      minmay_chambers_of_sixes, layout_basic, kennysheep_generic_room_12
D:10:     layout_basic, orc_0_dummy
D:11:     layout_stronghold, lair_entry_dummy,
          nicolae_concentric_dashed_squares_mild
D:12:     layout_irregular_city, nicolae_splish_splash
D:13:     layout_cave_pools, minivault_27, nicolae_blasting_shop,
          fedhas_bush_and_centaur_altar
D:14:     layout_basic, skrybe_vaults_entry_preservation, serial_ice,
          serial_ice_g, serial_ice_o, serial_ice_l, serial_ice_f, serial_ice_h,
          serial_ice_e, serial_ice_d, serial_ice_n, serial_ice_b, serial_ice_m,
          uniq_nessos
D:15:     grunt_enter_depths_hoard, layout_cross, minmay_misc_feat_encased,
          portal_ice_cave_entry_pillars_four, corexii_hall_statues_x,
          nicolae_nh_oracle_at_delphi
Lair:1:   layout_chaotic_city
Lair:2:   mu_elephants_graveyard, layout_chaotic_city
Lair:3:   layout_regular_city, elwin_shoals_entry_stream,
          hellmonk_spider_entry_life_and_decay, gammafunk_ghost_split,
          minmay_holes, dreamdust_mushroom_princess
Lair:4:   layout_loops_ring, grunt_megastairs_2
Lair:5:   evilmike_catoblepas_cave, layout_cave_pods,
          minmay_slime_entry_oklob_enclosed, lemuel_old_faithful,
          grunt_megastairs_1, infiniplex_staircase_pool
Spider:1: layout_spider_delve
Spider:2: layout_spider_delve, uniq_arachne
Spider:3: layout_cave_pods, uniq_asterion
Spider:4: floodkiller_spider_rune_tomb
Orc:1:    layout_caves, special_room [special_room_bee], serial_shops,
          uniq_maurice, uniq_erica
Orc:2:    st_orc_pillars, layout_caves

Skill      XL: |  1  2  3  4  5  6  7  8  9 10 11 12 13 14 15 16 17 |
---------------+----------------------------------------------------+-----
Stealth        | 3 4 5 6 7 8 |  8.3
Spellcasting   | 3 4 5 6 7 8 9 10 12 13 14 | 14.7
Short Blades   | 1 2 3 |  3.0
Fire Magic     | 4 5 6 8 10 11 13 14 15 16 17 | 17.2
Conjurations   | 2 3 5 6 7 8 9 10 11 12 | 12.4
Hexes          | 1 2 3 |  3.5
Dodging        | 3 4 5 |  5.7
Fighting       | 1 2 3 |  3.1
Invocations    | 3 5 6 7 8 9 |  9.2
Poison Magic   | 1 2 3 |  3.1
Air Magic      | 1 2 4 |  4.1
Summonings     | 3 4 5 6 |  6.0
Staves         | 1 |  1.5
Shields        | 4 6 7 |  7.0
Ice Magic      | 1 |  1.6
Translocations | |  0.3

Action                     |  1- 3 |  4- 6 |  7- 9 | 10-12 | 13-15 | 16-18 || total
---------------------------+-------+-------+-------+-------+-------+-------++-------
  Melee: Unarmed           |     8 |       |       |       |       |       ||     8
         Constrict         |    11 |    13 |    21 |    27 |    15 |     1 ||    88
         Tentacles         |    15 |    16 |    20 |    28 |    44 |       ||   123
         Short sword       |    37 |    59 |       |       |       |       ||    96
         Dagger            |       |       |    97 |    82 |    46 |     1 ||   226
         Punch             |       |       |     3 |     2 |     3 |       ||     8
         Staff             |       |       |       |    17 |    64 |     6 ||    87
   Cast: Foxfire           |    44 |    42 |    96 |   302 |   242 |    83 ||   809
         Scorch            |       |    15 |    29 |   120 |   116 |    29 ||   309
         Inner Flame       |       |     2 |    11 |    34 |    16 |    11 ||    74
         Flame Wave        |       |       |     6 |    41 |    31 |     6 ||    84
         Mephitic Cloud    |       |       |     2 |    26 |    32 |     4 ||    64
         Starburst         |       |       |       |     8 |   139 |   101 ||   248
         Summon Guardian G |       |       |       |     8 |    16 |     5 ||    29
         Call Canine Famil |       |       |       |     1 |     6 |     1 ||     8
         Fireball          |       |       |       |       |    20 |    54 ||    74
         Summon Small Mamm |       |       |       |       |     3 |       ||     3
         Hailstorm         |       |       |       |       |     3 |    14 ||    17
         Ozocubu's Armour  |       |       |       |       |       |     4 ||     4
         Iskenderun's Myst |       |       |       |       |       |     4 ||     4
 Invoke: Channel Magic     |       |       |       |     3 |     4 |     2 ||     9
  Evoke: Wand              |       |       |       |       |     1 |       ||     1
    Use: Potion            |       |     3 |       |     1 |     5 |     7 ||    16
         Scroll            |       |     1 |     1 |    19 |    10 |     1 ||    32
   Stab: Sleeping          |     8 |    12 |    19 |     9 |     5 |     1 ||    54
         Confused          |       |       |     1 |     1 |     1 |       ||     3
 Armour: Skin              |     2 |     1 |     6 |    26 |    70 |    23 ||   128
  Dodge: Dodged            |    38 |    50 |    99 |   173 |   238 |    68 ||   666
  Block: Buckler           |       |       |       |       |    23 |    30 ||    53

Table legend: (Time is in decaauts)
 A = Elapsed time spent in this place.
 B = Non-inter-level travel time spent in this place.
 C = Inter-level travel time spent in this place.
 D = Time resting spent in this place.
 E = Time spent auto-exploring this place.
 F = Levels seen in this place.
 G = Mean time per level.
                   A        B        C        D        E       F      G
               +--------+--------+--------+--------+--------+-----+--------+
         Total |  30038 |  28980 |   1058 |   2950 |  17847 |  27 | 1112.5 |
       Dungeon |  16311 |  15686 |    625 |   1599 |   9860 |  15 | 1087.4 |
          Lair |   6579 |   6303 |    276 |    440 |   4306 |   5 | 1315.8 |
   Spider Nest |   3290 |   3244 |     46 |    218 |   2252 |   4 |  822.5 |
  Orcish Mines |   3835 |   3725 |    110 |    693 |   1429 |   2 | 1917.5 |
         Abyss |     21 |     21 |      0 |      0 |      0 |   1 |   21.0 |
               +--------+--------+--------+--------+--------+-----+--------+

Top non-repeatable levels by time:
   Orc:2: 2857 daAuts
  Lair:2: 1836 daAuts
  Lair:5: 1816 daAuts
    D:14: 1725 daAuts
     D:6: 1412 daAuts
    D:10: 1406 daAuts
     D:9: 1351 daAuts
     D:7: 1296 daAuts
     D:1: 1289 daAuts
Spider:2: 1239 daAuts
Spider:3: 1195 daAuts
  Lair:3: 1115 daAuts
     D:3: 1113 daAuts
    D:15: 1036 daAuts
    D:12: 979 daAuts
